 Dungeon Crawl Stone Soup version 0.27.1-2-g3b301248ec (webtiles) character file.

Game seed: 9302771914447790295

7251 worthlessgem the Slasher (level 11, -18/79 HPs)
             Began as a Djinni Warper on Sept 24, 2021.
             Was an Initiate of Gozag.
             Demolished by an orc warrior (20 damage)
             ... led by an orc warlord
             ... on level 1 of the Orcish Mines.
             The game lasted 01:29:50 (12461 turns).

worthlessgem the Slasher (Djinni Warper)           Turns: 12461, Time: 01:29:51

Health: -18/79     AC:  8    Str: 11    XL:     11   Next: 33%
Gold:   1311       EV: 14    Int: 22    God:    Gozag SH:  0 Dex: 14

rFire    + + .     SeeInvis .   a - +4 dagger (venom)
rCold    x . .     Faith    .   (no shield)
rNeg     . . .     Spirit   .   h - +1 leather armour
rPois    ∞         Reflect  .   F - +1 helmet
rElec    .         Harm     .   G - +1 cloak {Stlth+}
rCorr    .         Rampage  .   (no gloves)
Will     +....                  (boots unavailable)
Stlth    +++.......             o - amulet of regeneration
HPRegen  1.23/turn              v - +6 ring of intelligence
MPRegen  0.00/turn              (no ring)

@: gold aura, flying
A: sickness immunity, fire resistance 2, cold vulnerability 1, float, innate
caster, hp casting, extra vitality 1
a: Renounce Religion, Potion Petition, Call Merchant, Bribe Branch


You were on level 1 of the Orcish Mines.
You worshipped Gozag.
Gozag was most pleased with you.
You visited 3 branches of the dungeon, and saw 12 of its levels.

You collected 1565 gold pieces.
You spent 142 gold pieces at shops.
You paid 112 gold pieces to Gozag.

Inventory:

Hand Weapons
 a - a +4 dagger of venom (weapon)
 b - a +1 short sword of electrocution
 w - a +0 fustibalus
 E - a +0 great sword
Missiles
 d - 5 boomerangs of dispersal
 e - 69 sling bullets
 g - 236 stones
 m - 36 poisoned darts (quivered)
 t - 6 curare-tipped darts
 u - 14 bolts
 z - 5 silver boomerangs
 H - 10 boomerangs
Armour
 h - a +1 leather armour (worn)
 F - a +1 helmet (worn)
 G - a +1 cloak of stealth (worn)
Jewellery
 o - an amulet of regeneration (around neck)
 v - a +6 ring of intelligence (left hand)
Wands
 k - a wand of iceblast (13)
 B - a wand of charming (10)
 I - a wand of flame (22)
 L - a wand of acid (14)
Scrolls
 c - 2 scrolls of blinking
 l - a scroll of magic mapping
 q - 3 scrolls of teleportation
 x - a scroll of vulnerability
 y - a scroll of enchant weapon
 K - a scroll of summoning
 M - a scroll of brand weapon
 N - a scroll of fear
Potions
 f - a potion of might
 i - 3 potions of curing
 j - a potion of brilliance
 n - 2 potions of berserk rage
 p - 2 potions of attraction
 s - a potion of ambrosia
 A - 2 potions of haste
 C - a potion of degeneration
 D - a potion of cancellation
 J - 2 potions of resistance


   Skills:
 + Level 7.3 Fighting
 - Level 3.4(6.0) Short Blades
 - Level 7.5(7.9) Long Blades
 - Level 4.0 Throwing
 - Level 1.0 Armour
 + Level 6.1 Dodging
 - Level 4.2 Stealth
 - Level 6.1 Spellcasting
 * Level 4.6 Evocations


You couldn't memorise any spells.
You knew the following spells:

 Your Spells              Type           Power      Damage    Failure   Level
a - Blink                 Tloc           N/A        N/A       1%          2
b - Lesser Beckoning      Tloc           16%        N/A       3%          3
c - Gell's Gravitas       Tloc           16%        N/A       3%          3
d - Teleport Other        Tloc           33%        N/A       3%          3
e - Manifold Assault      Tloc           33%        N/A       26%         5
f - Foxfire               Conj/Fire      100%       2x1d9     1%          1
g - Searing Ray           Conj           66%        3d5       1%          2
h - Call Canine Familiar  Summ           33%        N/A       3%          3
i - Passage of Golubria   Tloc           N/A        N/A       10%         4
j - Fulminant Prism       Conj/Hex       16%        3d11      10%         4
Your spell library was empty.

Dungeon Overview and Level Annotations

Branches:
Dungeon (10/15)            Temple (1/1) D:7             Orc (1/2) D:9
   Lair: D:8-11

Altars:
Ashenzari
Cheibriados
Fedhas
Gozag
Kikubaaqudgha
Makhleb
Nemelex Xobeh
Okawaru
Qazlal
Ru
Sif Muna
Trog
Uskayaw
Vehumet
Wu Jian
Xom
Zin
The Shining One

Shops:
D:8 *

Annotations:
D:2 Sigmund
D:4 Ijyb
D:5 3 runed translucent doors, Icepheonix32's ghost, amateur DsFi; Menkaure
D:10 Fannar


Innate Abilities, Weirdness & Mutations

You are immune to sickness and miasma.
You are immune to poison.
Your flesh is very heat resistant. (rF++)
You are vulnerable to cold. (rC-)
You float through the air rather than walking.
You learn spells naturally, not from books.
Your magical power is your life essence.
You have superior vitality. (+4 HP)


Message History

a +0 ring mail; a +0 mace You now have 1306 gold pieces (gained 4).
You see here a +0 mace.
You now have 1311 gold pieces (gained 5).
You see here a +0 hand axe.
There is a staircase to the Orcish Mines here.
You fly downwards.
Welcome back to the Orcish Mines!
An ogre comes into view. It is wielding a +0 giant spiked club.
The orc warlord roars a battlecry!
The orcs go into a battle-frenzy!
The orc misses you.
The ogre moves out of view.
You hear a shout! x2
There is a staircase back to the Dungeon here.
The orc closely misses you.
You fly upwards.
Welcome back to the Dungeon!
There is a staircase to the Orcish Mines here.
You hit the orc but do no damage.
The orc is poisoned.
The orc hits you but does no damage.
You hit the orc but do no damage.
The orc looks as sick as possible!
The orc hits you with a +0 dagger.
You hit the orc.
The orc looks as sick as possible!
The orc is heavily wounded.
The orc hits you with a +0 dagger.
You hit the orc.
You kill the orc!
No target in view!
You fly downwards.
Welcome back to the Orcish Mines!
The orc priest calls down the wrath of Beogh upon you.
Beogh smites you!
The orc warrior hits you with a +0 battleaxe!!!
The orc warrior hits you with a +0 hand axe.
The orc warrior closely misses you.
There is a staircase back to the Dungeon here.
The orc warlord roars a battlecry!
The orc priest goes into a battle-frenzy!
The orc warrior hits you with a +0 hand axe!!
* * * LOW HITPOINT WARNING * * *
The orc warrior hits you with a +0 battleaxe!!
You die...
Your body crumbles into a pile of gold.

# ##### ## ##.
#.#.##.#. #...
.........
#...##........
###...#..$.....
#......$.......$
......>@.o.....
......oo.......
...............
...ooo.O.......
....o..o.....#.
......$........
...............
$ $
.#......o#...#.
$ $ $ $


You could see an orc warlord, 3 orc warriors, an ogre, 4 orc priests and an orc
(strong).

Vanquished Creatures
  A two-headed ogre (D:9)
  An orc high priest (D:9)
  Maurice (D:9)
  Grinder (D:4)
  A wraith (D:9)
  11 yaks
  Eustachio (D:4)
  A warg (D:9)
  A water moccasin (D:8)
  Duvessa (D:4)
  4 orc warriors
  A sky beast (D:6)
  An ice beast (D:6)
  A necrophage (D:7)
  4 ogres
  A centaur (D:9)
  5 bullfrogs
  A scorpion (D:7)
  A wyvern skeleton (D:7)
  Dowan (D:4)
  6 killer bees (D:9)
  3 wights (D:9)
  A centaur zombie (D:8)
  Crazy Yiuf (D:5)
  3 hounds
  A gnoll shaman (D:9)
  10 orc priests
  A centaur skeleton (D:7)
  Terence (D:2)
  12 orc wizards
  A hound zombie (D:5)
  Robin (D:2)
  11 gnolls
  12 adders
  A shadow imp (D:7)
  An adder skeleton (D:5)
  A worm (D:2)
  2 dart slugs
  45 orcs
  6 bats
  5 endoplasms
  2 giant cockroaches
  16 goblins
  7 hobgoblins
  8 jackals (D:1)
  8 quokkas
  11 ball pythons
  3 frilled lizards
  5 kobolds
  A quokka skeleton (D:4)
  4 rats
230 creatures vanquished.

Vanquished Creatures (collateral kills)
  A water moccasin (D:6)
  A sky beast (D:5)
  A phantom (D:4)
  A bullfrog zombie (D:5)
  2 orc wizards (D:6)
  An orc (D:4)
7 creatures vanquished.

Vanquished Creatures (others)
  257 foxfires
  8 fulminant prisms (D:9)
  2 fungi (D:5)
267 creatures vanquished.

Grand Total: 504 creatures vanquished

Notes
Turn   | Place    | Note
-------+----------+-------------------------------------------
     0 | D:1      | worthlessgem the Djinni Warper began the quest for the Orb.
     0 | D:1      | Reached XP level 1. HP: 18/18 MP: 0/0
   281 | D:1      | Reached XP level 2. HP: 18/23 MP: 0/0
   696 | D:1      | Reached XP level 3. HP: 26/28 MP: 0/0
   696 | D:1      | Learned a level 1 spell: Foxfire
  1456 | D:2      | Reached XP level 4. HP: 28/33 MP: 0/0
  1654 | D:2      | Noticed Robin
  1684 | D:2      | Killed Robin
  1985 | D:2      | Noticed Sigmund
  2015 | D:2      | Found a faded altar of an unknown god.
  2493 | D:3      | Reached XP level 5. HP: 29/38 MP: 0/0
  2493 | D:3      | Learned a level 2 spell: Searing Ray
  2539 | D:3      | Found an opulent altar of Gozag.
  2762 | D:4      | Noticed Dowan
  3084 | D:4      | Noticed a yak
  3086 | D:4      | Noticed a yak
  3171 | D:4      | Noticed a yak
  3171 | D:4      | Noticed a yak
  3174 | D:4      | Noticed a yak
  3188 | D:4      | Noticed a yak
  3472 | D:5      | Entered Level 5 of the Dungeon
  3483 | D:6      | Noticed a water moccasin
  3517 | D:4      | Noticed Duvessa
  3557 | D:4      | Killed Dowan
  3558 | D:4      | Reached skill level 5 in Spellcasting
  3558 | D:4      | Reached XP level 6. HP: 34/43 MP: 0/0
  4048 | D:2      | Noticed Terence
  4064 | D:2      | Killed Terence
  4413 | D:4      | Noticed Eustachio
  4480 | D:3      | Killed a yak
  4481 | D:3      | Reached XP level 7. HP: 52/52 MP: 0/0
  4481 | D:3      | Learned a level 3 spell: Call Canine Familiar
  4514 | D:3      | Killed a yak
  4571 | D:3      | Killed a yak
  4638 | D:3      | Killed a yak
  4639 | D:3      | Reached skill level 5 in Fighting
  4639 | D:3      | Reached XP level 8. HP: 59/59 MP: 0/0
  4658 | D:4      | Killed Eustachio
  4730 | D:3      | Became a worshipper of Gozag Ym Sagoz the Greedy
  4803 | D:3      | Killed a yak
  4907 | D:3      | Killed a yak
  4965 | D:4      | Reached skill level 5 in Long Blades
  4981 | D:4      | Noticed Grinder
  5130 | D:4      | Reached XP level 9. HP: 46/65 MP: 0/0
  5130 | D:4      | Learned a level 4 spell: Passage of Golubria
  5250 | D:4      | Killed Duvessa
  5329 | D:4      | Paralysed by Grinder for 5 turns
  5338 | D:4      | Noticed Ijyb
  5808 | D:4      | Killed Grinder
  6001 | D:5      | Noticed Menkaure
  6158 | D:5      | Found a stormy altar of Qazlal.
  6507 | D:5      | Found a runed translucent gate.
  6507 | D:5      | Found a runed translucent gate.
  6507 | D:5      | Found a runed translucent gate.
  6507 | D:5      | Noticed Icepheonix32's ghost (amateur DsFi)
  7355 | D:5      | Reached skill level 1 in Short Blades
  7392 | D:5      | Found a runed translucent door.
  7393 | D:5      | Noticed Crazy Yiuf
  7467 | D:5      | Killed Crazy Yiuf
  7707 | D:6      | Reached skill level 1 in Throwing
  8122 | D:6      | Found a burning altar of Makhleb.
  8879 | D:7      | Found an ornate altar of the Wu Jian Council.
  8934 | D:7      | Found a bloodstained altar of Trog.
  8978 | D:7      | Reached XP level 10. HP: 70/70 MP: 0/0
  9015 | D:7      | Found a staircase to the Ecumenical Temple.
  9024 | Temple   | Entered the Ecumenical Temple
  9153 | D:7      | Reached skill level 1 in Stealth
 10080 | D:8      | Found a sparkling altar of Nemelex Xobeh.
 10551 | D:8      | Identified the +6 battleaxe of Tueleerr {chaos, Dex+2}
 10570 | D:8      | Found Didac's Assorted Antiques.
 10927 | D:9      | Noticed a two-headed ogre
 11046 | D:9      | Noticed Maurice
 11095 | D:9      | Killed Maurice
 11315 | D:9      | Found a staircase to the Orcish Mines.
 11422 | D:9      | Reached skill level 1 in Evocations
 11625 | D:9      | Killed a two-headed ogre
 11626 | D:9      | Reached XP level 11. HP: 78/78 MP: 0/0
 11626 | D:9      | Learned a level 4 spell: Fulminant Prism
 11676 | D:9      | Reached skill level 5 in Dodging
 12089 | D:9      | Found a sacrificial altar of Ru.
 12163 | D:10     | Entered Level 10 of the Dungeon
 12163 | D:10     | Noticed Fannar
 12265 | D:8      | Bought a glowing emerald potion for 26 gold pieces
 12265 | D:8      | Bought a twisted brass wand for 116 gold pieces
 12336 | Orc:1    | Entered Level 1 of the Orcish Mines
 12336 | Orc:1    | Noticed an orc sorcerer
 12345 | Orc:1    | Noticed an orc high priest
 12355 | Orc:1    | Noticed an orc warlord
 12365 | D:9      | Killed an orc high priest
 12461 | Orc:1    | HP: 2/79 [orc warrior[an orc warlord] (24)]
 12461 | Orc:1    | Demolished by an orc warrior

Illustrated notes

Levels and vault maps discovered:
D:1:      dpeg_arrival_short_road, layout_loops_ring
D:2:      minmay_spotlight, layout_basic, basic_ecumenical_altar, uniq_robin,
          uniq_sigmund, uniq_terence
D:3:      layout_basic, nicolae_gozag_seed_capital, minmay_misc_feat_tiny,
          minivault_23
D:4:      layout_basic, minmay_snake_closets, uniq_duvessa, uniq_eustachio,
          uniq_ijyb, uniq_grinder
D:5:      layout_basic, mainiacjoe_overflow_24_doors,
          gammafunk_ghost_necromancy, uniq_menkaure, uniq_crazy_yiuf_cottage
D:6:      layout_cave_pools, makhleb_heckhound_becter
D:7:      layout_basic, mainiacjoe_overflow_small_starburst,
          mainiacjoe_overflow_catwalk_spiral, temple_pool_b
D:8:      layout_basic, nemelex_xobeh_ov_fountains_minmay, serial_shops,
          nicolae_lakefront_shop, lightli_orcish_oven
D:9:      layout_irregular_city, lemuel_coloured_pillars_altar, orc_0_dummy,
          uniq_maurice
D:10:     layout_irregular_city, mainiacjoe_overflow_alcove_3, disabler_island,
          uniq_fannar
Temple:   cyrus_temple_forest
Orc:1:    layout_caves

Skill      XL: |  1  2  3  4  5  6  7  8  9 10 11 |
---------------+----------------------------------+-----
Spellcasting   | 3 4 5 6 |  6.1
Fighting       | 4 5 6 7 |  7.3
Long Blades    | 5 7 |  7.5
Short Blades   | 3 |  3.4
Throwing       | 3 4 |  4.0
Stealth        | 4 |  4.2
Dodging        | 4 6 |  6.1
Evocations     | 2 4 |  4.6
Armour         | |  1.0

Action                   |  1- 3 |  4- 6 |  7- 9 | 10-12 || total
-------------------------+-------+-------+-------+-------++-------
Melee: Falchion          |    71 |    14 |     1 |       ||    86
       Dagger            |       |    95 |   210 |   113 ||   418
       Short sword       |       |       |    43 |    36 ||    79
       Battleaxe         |       |       |       |     5 ||     5
 Fire: Fustibalus        |       |       |    26 |     3 ||    29
Throw: Stone             |       |     1 |       |       ||     1
       Dart              |       |       |    10 |     8 ||    18
 Cast: Foxfire           |    11 |    50 |    27 |    71 ||   159
       Blink             |       |     2 |     6 |     8 ||    16
       Teleport Other    |       |    28 |    17 |    22 ||    67
       Searing Ray       |       |       |     6 |    13 ||    19
       Call Canine Famil |       |       |    13 |     7 ||    20
       Passage of Golubr |       |       |     2 |     9 ||    11
       Gell's Gravitas   |       |       |       |     6 ||     6
       Fulminant Prism   |       |       |       |     8 ||     8
Evoke: Wand              |       |       |       |     3 ||     3
  Use: Potion            |       |       |     2 |     1 ||     3
       Scroll            |       |       |     1 |    18 ||    19
 Stab: Sleeping          |       |     1 |     1 |       ||     2
       Distracted        |       |       |       |     1 ||     1
Armor: Leather armour    |    24 |    15 |    71 |    68 ||   178
Dodge: Dodged            |    47 |    67 |   139 |   108 ||   361
       Rpst.: Falchion   |    16 |     5 |       |       ||    21
